 Dungeon Crawl Stone Soup version 0.21.0-3-g78d12a8bdd (webtiles) character file.

114319 Esekla the Nimble (level 16, -7/74 HPs)
             Began as a Spriggan Skald on Jan 12, 2018.
             Was the Champion of Vehumet.
             Shot with a bolt by a naga sharpshooter (26 damage)
             ... on level 3 of the Snake Pit on Jan 13, 2018.
             The game lasted 07:45:35 (30044 turns).

Esekla the Nimble (Spriggan Skald)                 Turns: 30044, Time: 07:45:36

Health: -7/74      AC: 26    Str:  7    XL:     16   Next: 16%
Magic:  22/32      EV: 38    Int: 22    God:    Vehumet [******]
Gold:   1021       SH: 16    Dex: 27    Spells: 0/37 levels left

rFire    + . .     SeeInvis +   a - +9 short sword (venom)
rCold    . . .     Gourm    .   X - +2 buckler {AC+3}
rNeg     + . .     Faith    .   t - +4 troll leather armour
rPois    .         Spirit   .   L - +2 hat {Int+3}
rElec    .         Reflect  +   M - +0 cloak {rF+}
rCorr    .         Harm     .   (gloves unavailable)
MR       +++..                  (boots unavailable)
Stlth    ++++++....             H - amulet "Ylunixi" {Reflect rN+ Dex+4 SH+5}
HPRegen  1.62/turn              m - ring of protection from magic
MPRegen  0.23/turn              Q - +3 ring of protection

@: agile, icy armour, infused, singing, very slightly contaminated,
regenerating, invisible, very quick
A: very small, unfitting armour, antennae 1, hooves 2, see invisible, herbivore,
speed 3, slow metabolism 2
a: Renounce Religion


You were on level 3 of the Snake Pit.
You worshipped Vehumet.
Vehumet was exalted by your worship.
You were not hungry.

You visited 7 branches of the dungeon, and saw 26 of its levels.
You also visited: Labyrinth and Volcano.

You collected 2607 gold pieces.
You spent 1586 gold pieces at shops.

Inventory:

Hand Weapons
 a - a +9 short sword of venom (weapon)
 E - a +1 dagger of protection
 F - a +3 dagger of electrocution
Missiles
 p - 12 tomahawks (quivered)
Armour
 s - the +2 robe "Quoden" {Stlth+}
   (You found it on level 4 of the Dungeon)

   It makes you more stealthy.
 t - a +4 troll leather armour (worn)
 L - a +2 hat of intelligence (worn)
 M - a +0 cloak of fire resistance (worn)
 N - a +1 robe of fire resistance
 X - a +2 buckler of protection (worn)
Magical Staves
 O - an uncursed staff of wizardry
 Z - an uncursed staff of energy
Jewellery
 c - an uncursed ring of positive energy
 m - a ring of protection from magic (left hand)
 y - an uncursed amulet of regeneration
 H - the amulet "Ylunixi" (around neck) {Reflect rN+ Dex+4 SH+5}
   (You bought it in a shop on level 2 of the Orcish Mines)

   [amulet of reflection]

   It shields you and reflects attacks.
   It affects your dexterity (+4).
   It protects you from negative energy.
   It affects your SH (+5).
 Q - a +3 ring of protection (right hand)
Wands
 w - a wand of iceblast (9)
 A - a wand of digging (15)
 P - a wand of acid (14)
 R - a wand of flame (10)
 Y - a wand of polymorph (19)
Scrolls
 f - 9 scrolls of remove curse
 i - 9 scrolls of teleportation
 l - 2 scrolls of fog
 o - 2 scrolls of magic mapping
 u - 9 scrolls of identify
 v - a scroll of amnesia
 C - 2 scrolls of holy word
Potions
 b - a potion of resistance
 e - 5 potions of flight
 g - 7 potions of lignification
 h - a potion of might
 n - 3 potions of ambrosia
 r - 3 potions of cancellation
 x - 2 potions of haste
 z - a potion of agility
 G - 2 potions of berserk rage
 I - 4 potions of brilliance
 V - 2 potions of curing
Books
 q - a book of Flames

   Spells                             Type                      Level
   a - Flame Tongue                   Conjuration/Fire             1
   b - Throw Flame                    Conjuration/Fire             2
   c - Conjure Flame                  Conjuration/Fire             3
   d - Inner Flame                    Hexes/Fire                   3
   e - Sticky Flame                   Conjuration/Fire             4
   f - Fireball                       Conjuration/Fire             5
 B - a book of Minor Magic

   Spells                             Type                      Level
   a - Magic Dart                     Conjuration                  1
   b - Blink                          Translocation                2
   c - Call Imp                       Summoning                    2
   d - Slow                           Hexes                        2
   e - Conjure Flame                  Conjuration/Fire             3
   f - Mephitic Cloud                 Conjuration/Poison/Air       3
 J - a book of the Tempests

   Spells                             Type                      Level
   a - Static Discharge               Conjuration/Air              3
   b - Lightning Bolt                 Conjuration/Air              5
   c - Ignition                       Fire                         8
   d - Tornado                        Air                          9
   e - Shatter                        Earth                        9
Miscellaneous
 S - a fan of gales
Comestibles
 d - 33 rations


   Skills:
 + Level 4.1 Fighting
 + Level 12.8 Short Blades
   Level 1.2 Slings
 + Level 0.1(0.5) Throwing
 - Level 4.0 Armour
 + Level 14.7 Dodging
 - Level 10.5 Stealth
 + Level 6.2 Shields
 + Level 11.4 Spellcasting
 * Level 5.1 Conjurations
 * Level 11.5 Hexes
 - Level 10.1 Charms
 + Level 5.1 Necromancy
 + Level 5.1 Translocations
   Level 2.1 Transmutations
 + Level 5.4 Ice Magic
 * Level 5.8 Air Magic
 + Level 4.6 Earth Magic
 + Level 6.4 Poison Magic
 - Level 4.0 Evocations


You couldn't memorise any spells.
You knew the following spells:

 Your Spells              Type           Power        Failure   Level  Hunger
a - Infusion              Chrm           ####         1%          1    None
b - Lee's Rapid Deconstr  Erth           ####......   9%          5    ####...
c - Song of Slaying       Chrm           ######..     1%          2    None
d - Spectral Weapon       Hex/Chrm       ######..     1%          3    None
e - Lightning Bolt        Conj/Air       #####.....   7%          5    ####...
f - Invisibility          Hex            ######..     11%         6    #####..
g - Olgreb's Toxic Radia  Pois           #####...     1%          4    None
h - Ozocubu's Armour      Chrm/Ice       #####...     1%          3    None
i - Regeneration          Chrm/Necr      #####.....   1%          3    None
j - Static Discharge      Conj/Air       #####...     1%          3    None
k - Blink                 Tloc           N/A          1%          2    None


Dungeon Overview and Level Annotations

Branches:
Dungeon (12/15)            Temple (0/1) D:4            Lair (6/6) D:8
 Shoals (1/4) Lair:3        Snake (3/4) Lair:4        Slime (1/5) Lair:5
    Orc (2/2) D:12            Elf (0/3) Orc:2          Hell (1/1)
    Dis: Hell:1         Geh: Hell:1         Coc: Hell:1         Tar: Hell:1

Altars:
Ashenzari
Fedhas
Gozag
Kikubaaqudgha
Makhleb
Qazlal
Vehumet
Wu Jian
Yredelemnul
The Shining One
Beogh
Jiyva

Shops:
D:8 %   Orc:2 *!*==   Snake:2 :::   Snake:3 [

Portals:
Hell: Lair:6

Annotations:
Lair:2 exclusion: 2 oklob plants
Lair:3 exclusion: 2 oklob plants
Hell Geryon


Innate Abilities, Weirdness & Mutations

You are very small and have problems with some larger weapons.
You are too small for most types of armour.
You have supernaturally acute eyesight. (SInv)
You are a herbivore.
You cover ground extremely quickly.
You need consume almost no food.
You have a pair of small antennae on your head.
You have hoof-like feet.


Message History

The bolt hits you.
* * * LOW HITPOINT WARNING * * *
The bolt freezes you.
* * * LOW HITPOINT WARNING * * *
You fade into invisibility!
You block the naga warrior's attack.
* * * LOW HITPOINT WARNING * * *
The naga warrior constricts you.
You escape the naga warrior's grasp.
Casting: Regeneration
Confirm with . or Enter, or press ? or * to list all spells.
Okay, then.
Press: ? - help, v - describe, . - travel
Here: a naga warrior, wielding a vampiric long sword and wearing a robe The floor.
You feel agile all of a sudden.
The naga sharpshooter gestures wildly while chanting.
The naga sharpshooter magically shoots a bolt.
The bolt hits you!!
You die...

+..........#
...((../..#
#...N.....#
#N.......N#
###.........
#......N..#
..........# ###
.......(N.# #.##
........@.### #..#
............# ...# ..
............#
...#................#
#.+#...............##
..................##
..................##
.#####.............##
#######...#######...##


You could see a naga warrior, 2 naga sharpshooters and 2 nagas.

Vanquished Creatures
  Rupert (D:12)
  Gastronok (Lair:2)
  Aizul (Snake:2)
  A dire elephant (Lair:6)
  A minotaur (Lab)
  The ghost of GuyWithAPlan the Grappler, a journeyman TrFi of Ru (Orc:1)
  5 naga warriors
  6 hydras
  Erica (Lair:1)
  6 anacondas
  9 two-headed ogres
  2 centaur warriors
  An ogre mage (Volcano)
  3 tengu warriors
  2 shock serpents
  A death yak (Lair:6)
  An orc high priest (Orc:1)
  7 naga sharpshooters
  A sun demon (Lair:6)
  A hell knight (Volcano)
  A salamander mystic (Snake:3)
  A sixfirhy (Lair:6)
  A wizard (Lair:6)
  2 naga ritualists
  3 orc knights (Orc:2)
  Pikel (D:6)
  A deep elf mage (D:8)
  A manticore (Lair:3)
  3 ugly things (D:11)
  10 salamanders
  11 mana vipers
  6 elephants
  A wolf spider (Lair:2)
  2 cyclopes (D:12)
  29 black mambas
  5 naga magi
  2 guardian serpents (Snake:3)
  A torpor snail (Lair:5)
  A gargoyle (D:12)
  3 orange demons (Lair:6)
  A smoke demon (Lair:6)
  A centaur skeleton (D:12)
  10 spiny frogs
  6 komodo dragons
  6 rime drakes
  2 red devils (Lair:6)
  An ice devil (Lair:6)
  A hornet (Lair:2)
  3 polar bears
  9 trolls
  A merfolk (Shoals:1)
  18 blink frogs
  13 hippogriffs
  15 dream sheep
  3 spriggans
  A wraith (D:7)
  5 basilisks
  A wyvern (Lair:2)
  24 yaks
  7 hungry ghosts
  The ghost of puimuR the Chopper, an amateur HOMo (D:4)
  5 wargs
  An acid dragon (D:12)
  35 nagas
  4 hell hounds (Lair:6)
  28 water moccasins
  7 porcupines
  3 ice beasts
  2 sky beasts (D:7)
  4 black bears
  36 orc warriors
  4 phantoms
  15 ogres
  8 wolves
  8 centaurs
  16 crocodiles
  A big kobold (D:8)
  14 bullfrogs
  An elf zombie (D:7)
  A gnoll sergeant (D:11)
  43 killer bees
  3 scorpions
  A troll zombie (D:7)
  5 electric eels
  A howler monkey (D:7)
  4 crimson imps
  2 centaur zombies
  A hound (D:9)
  A quasit (D:10)
  3 bullfrog skeletons
  2 bullfrog zombies
  6 human zombies (D:7)
  6 orc priests
  32 orc wizards
  4 jellies
  3 iguanas
  8 worker ants
  An ogre skeleton (D:7)
  2 hound skeletons
  2 mummies (D:7)
  4 worker ant zombies
  Robin (D:2)
  19 adders
  8 gnolls
  A river rat (Lair:3)
  4 shadow imps
  2 oozes (D:3)
  2 adder skeletons
  3 adder zombies
  2 worms
  2 dart slugs
  6 leopard geckos
  82 orcs
  7 bats
  7 giant cockroaches
  13 goblins
  12 hobgoblins
  29 jackals
  7 quokkas
  6 frilled lizards
  15 kobolds
  A quokka skeleton (D:4)
  A quokka zombie (D:7)
  14 rats
  4 plants (Lair:5)
841 creatures vanquished.

Vanquished Creatures (collateral kills)
  An orc warrior (Orc:2)
1 creature vanquished.

Vanquished Creatures (others)
  A naga sharpshooter (Snake:1)
  An orc warrior (Orc:2)
  A centaur (Orc:2)
  2 orcs (Orc:2)
  A giant cockroach (D:6)
  A bush (Lair:4)
  23 fungi
  11 plants
  22 spectral weapons
63 creatures vanquished.

Grand Total: 905 creatures vanquished

Notes
Turn   | Place    | Note
-------+----------+-------------------------------------------
     0 | D:1      | Esekla the Spriggan Skald began the quest for the Orb.
     0 | D:1      | Reached XP level 1. HP: 10/10 MP: 5/5
    98 | D:1      | Reached XP level 2. HP: 10/15 MP: 1/6
   130 | D:1      | Learned a level 2 spell: Shroud of Golubria
   133 | D:1      | Learned a level 2 spell: Song of Slaying
   252 | D:1      | Reached skill level 4 in Dodging
   361 | D:1      | Reached XP level 3. HP: 12/18 MP: 2/8
  1347 | D:2      | Noticed Robin
  1355 | D:2      | Reached skill level 1 in Stealth
  1372 | D:2      | Reached XP level 4. HP: 13/23 MP: 0/9
  1386 | D:2      | Killed Robin
  1408 | D:2      | Learned a level 3 spell: Spectral Weapon
  2791 | D:3      | Reached skill level 1 in Translocations
  2802 | D:3      | Reached XP level 5. HP: 22/26 MP: 0/10
  2875 | D:3      | Found a basalt altar of Yredelemnul.
  3188 | D:3      | Reached skill level 5 in Dodging
  3303 | D:4      | Noticed an ogre
  3399 | D:5      | Entered Level 5 of the Dungeon
  3399 | D:5      | Noticed a phantom
  3833 | D:3      | Found a radiant altar of Vehumet.
  3843 | D:3      | Became a worshipper of Vehumet
  4053 | D:4      | Gained mutation: You are clumsy. (Dex -2) [potion of mutation]
  4053 | D:4      | Gained mutation: Your spells are a little harder to cast, but a little more powerful. [potion of mutation]
  4192 | D:4      | Found a staircase to the Ecumenical Temple.
  4751 | D:4      | Noticed puimuR's ghost (amateur HOMo)
  4753 | D:4      | Reached skill level 1 in Hexes
  4806 | D:4      | Got a faintly glowing robe
  4884 | D:3      | Identified the +2 robe "Quoden" {Stlth+} (You found it on level 4 of the Dungeon)
  5108 | D:4      | Reached XP level 6. HP: 25/30 MP: 5/11
  5355 | D:5      | Reached skill level 5 in Short Blades
  5847 | D:5      | Reached skill level 5 in Charms
  5854 | D:5      | Noticed an ice beast
  5869 | D:5      | Killed an ice beast
  5869 | D:5      | Reached XP level 7. HP: 35/35 MP: 4/13
  6345 | D:4      | Killed puimuR's ghost
  6345 | D:4      | Reached * piety under Vehumet
  6345 | D:4      | Offered knowledge of Sandblast by Vehumet.
  6761 | D:6      | Noticed Pikel
  6773 | D:6      | Reached XP level 8. HP: 35/39 MP: 1/15
  6792 | D:6      | Killed Pikel
  6792 | D:6      | Reached skill level 6 in Dodging
  7325 | D:6      | Found a stormy altar of Qazlal.
  7326 | D:6      | Found a shattered altar of Ashenzari.
  7336 | D:6      | Found a burning altar of Makhleb.
  7336 | D:6      | Found a glowing golden altar of the Shining One.
  7336 | D:6      | Found an ornate altar of the Wu Jian Council.
  7337 | D:6      | Found an opulent altar of Gozag.
  7618 | D:7      | Offered knowledge of Flame Tongue by Vehumet.
  7627 | D:7      | Reached ** piety under Vehumet
  7627 | D:7      | Reached skill level 5 in Spellcasting
  7627 | D:7      | Reached XP level 9. HP: 12/44 MP: 11/17
  8259 | D:7      | Reached skill level 7 in Dodging
  8282 | D:7      | Reached skill level 5 in Hexes
  8499 | D:7      | Lost mutation: You are clumsy. (Dex -2) [potion of mutation]
  8499 | D:7      | Lost mutation: Your spells are a little harder to cast, but a little more powerful. [potion of mutation]
  8499 | D:7      | Gained mutation: You have large cloven feet. [potion of mutation]
  8499 | D:7      | Gained mutation: You have hoof-like feet. [potion of mutation]
  8499 | D:7      | Gained mutation: You have a pair of small antennae on your head. [potion of mutation]
  8868 | D:7      | Reached skill level 8 in Dodging
  8999 | D:7      | Reached skill level 5 in Stealth
  9061 | D:7      | Offered knowledge of Stone Arrow by Vehumet.
  9123 | D:7      | Found an ancient bone altar of Kikubaaqudgha.
  9401 | D:8      | Found a staircase to the Lair.
  9853 | D:7      | Reached XP level 10. HP: 15/49 MP: 19/19
 10085 | D:7      | Reached *** piety under Vehumet
 10085 | D:7      | Reached skill level 9 in Dodging
 10305 | D:8      | Reached skill level 1 in Evocations
 10467 | Lair:1   | Entered Level 1 of the Lair of Beasts
 10523 | Lair:1   | Noticed a spiny frog
 10540 | Lair:1   | Reached skill level 5 in Translocations
 10565 | Lair:1   | Killed a spiny frog
 10840 | D:7      | Found a blossoming altar of Fedhas.
 10957 | D:8      | Noticed a deep elf mage
 11019 | D:8      | Killed a deep elf mage
 11090 | D:8      | Found Ugocko's Food Shoppe.
 11110 | D:8      | Offered knowledge of Conjure Flame by Vehumet.
 11122 | D:8      | Reached skill level 1 in Slings
 11429 | D:8      | Reached skill level 10 in Short Blades
 11860 | D:9      | Reached **** piety under Vehumet
 11967 | D:10     | Entered Level 10 of the Dungeon
 11979 | D:10     | Reached skill level 10 in Dodging
 12248 | D:11     | Noticed a red ugly thing
 12322 | D:10     | Offered knowledge of Venom Bolt by Vehumet.
 12439 | D:10     | Reached XP level 11. HP: 52/52 MP: 21/21
 12507 | D:10     | Noticed a centaur warrior
 12653 | D:10     | Learned a level 6 spell: Invisibility
 12662 | D:10     | Learned a level 2 spell: Passwall
 12733 | D:10     | Reached skill level 1 in Transmutations
 13892 | D:12     | Reached skill level 1 in Earth Magic
 13931 | D:12     | Noticed a six-headed hydra
 13935 | D:12     | Found a glowing golden altar of the Shining One.
 13935 | D:12     | Noticed a tengu warrior
 13977 | D:11     | Killed a tengu warrior
 13977 | D:11     | Reached ***** piety under Vehumet
 13977 | D:11     | Reached skill level 10 in Stealth
 14005 | D:11     | Noticed a cyan ugly thing
 14021 | D:11     | Killed a cyan ugly thing
 14026 | D:11     | Reached skill level 1 in Armour
 14085 | D:11     | Noticed a white ugly thing
 14141 | D:11     | Killed a white ugly thing
 14141 | D:11     | Offered knowledge of Olgreb's Toxic Radiance by Vehumet.
 14147 | D:11     | Learned a level 4 spell: Olgreb's Toxic Radiance
 14156 | D:11     | Killed a red ugly thing
 14420 | D:11     | Learned a level 3 spell: Ozocubu's Armour
 14780 | D:10     | Killed a centaur warrior
 15085 | Lair:1   | Noticed Erica
 15122 | Lair:1   | HP: 1/52 [Erica/scimitar of flaming (7)]
 15124 | Lair:1   | Killed Erica
 15205 | Lair:1   | HP: 2/52 [komodo dragon (11)]
 15371 | Lair:1   | Reached skill level 1 in Ice Magic
 15371 | Lair:1   | Reached XP level 12. HP: 23/56 MP: 21/24
 15455 | Lair:1   | Reached skill level 1 in Poison Magic
 15536 | Lair:1   | Reached skill level 11 in Dodging
 16174 | Lair:2   | Noticed Gastronok
 16196 | Lair:2   | Killed Gastronok
 16236 | Lair:2   | Found a dark tunnel.
 16245 | Volcano  | Entered a volcano
 16267 | Volcano  | Noticed a two-headed ogre
 16278 | Volcano  | Killed a two-headed ogre
 16299 | Volcano  | Noticed a two-headed ogre
 16308 | Volcano  | Killed a two-headed ogre
 16308 | Volcano  | Reached skill level 1 in Shields
 16335 | Volcano  | Noticed a two-headed ogre
 16335 | Volcano  | Noticed a two-headed ogre
 16366 | Volcano  | Killed a two-headed ogre
 16380 | Volcano  | Killed a two-headed ogre
 16447 | Volcano  | Noticed a two-headed ogre
 16447 | Volcano  | Noticed an ogre mage
 16447 | Volcano  | Noticed a two-headed ogre
 16478 | Volcano  | Learned a level 3 spell: Regeneration
 16516 | Volcano  | Killed a two-headed ogre
 16519 | Volcano  | Killed a two-headed ogre
 16553 | Volcano  | Killed an ogre mage
 16622 | Lair:2   | Reached skill level 1 in Necromancy
 16653 | Lair:2   | Reached XP level 13. HP: 60/60 MP: 26/26
 16872 | Lair:2   | Offered knowledge of Conjure Ball Lightning by Vehumet.
 17712 | Lair:3   | Reached skill level 10 in Charms
 17833 | Lair:3   | Learned a level 6 spell: Conjure Ball Lightning
 17966 | Lair:3   | Reached skill level 1 in Conjurations
 17982 | Lair:3   | Reached skill level 1 in Air Magic
 18110 | Lair:3   | Found a staircase to the Shoals.
 18130 | Shoals:1 | Entered Level 1 of the Shoals
 18431 | Lair:3   | Reached skill level 12 in Dodging
 18857 | Lair:4   | Found a staircase to the Snake Pit.
 18995 | Snake:1  | Entered Level 1 of the Snake Pit
 19128 | Snake:1  | Reached skill level 5 in Poison Magic
 19507 | Lair:4   | Offered knowledge of Lightning Bolt by Vehumet.
 19675 | Lair:4   | Reached XP level 14. HP: 65/65 MP: 28/28
 19873 | Lair:4   | Learned a level 5 spell: Lightning Bolt
 19918 | Lair:5   | Found a staircase to the Slime Pits.
 19918 | Lair:5   | Found a viscous altar of Jiyva.
 20005 | Lair:5   | Found a labyrinth entrance.
 20017 | Lab      | Entered a labyrinth
 21033 | Slime:1  | Entered Level 1 of the Pits of Slime
 21615 | Lair:6   | Entered Level 6 of the Lair of Beasts
 22012 | Lair:6   | Reached skill level 10 in Hexes
 22173 | Lair:6   | Reached skill level 13 in Dodging
 22547 | Lair:6   | Reached skill level 10 in Spellcasting
 22626 | Lair:6   | Found a burning altar of Makhleb.
 22635 | Lair:6   | Found a gateway to Hell.
 22913 | Hell     | Entered the Vestibule of Hell
 22913 | Hell     | Noticed Geryon
 22917 | Hell     | Noticed a reaper
 23173 | D:12     | Offered knowledge of Poison Arrow by Vehumet.
 23183 | D:12     | Learned a level 6 spell: Invisibility
 23348 | D:12     | Noticed Rupert
 23369 | D:12     | Killed Rupert
 23369 | D:12     | Reached skill level 5 in Ice Magic
 23612 | D:12     | Found a staircase to the Orcish Mines.
 24612 | Orc:1    | Entered Level 1 of the Orcish Mines
 24866 | Orc:2    | Entered Level 2 of the Orcish Mines
 24889 | Orc:2    | Found a roughly hewn altar of Beogh.
 24918 | Orc:1    | Noticed GuyWithAPlan's ghost (journeyman TrFi)
 24944 | Orc:1    | Reached ****** piety under Vehumet
 24944 | Orc:1    | Reached XP level 15. HP: 23/68 MP: 16/30
 24962 | Orc:1    | Killed GuyWithAPlan's ghost
 25232 | Orc:2    | Found Viawn's Assorted Antiques.
 25238 | Orc:2    | Found a staircase to the Elven Halls.
 25243 | Orc:2    | Offered knowledge of Freezing Cloud by Vehumet.
 25770 | Orc:2    | Found Baakhlesu's Assorted Antiques.
 25770 | Orc:2    | Found Orchout's Jewellery Boutique.
 25778 | Orc:2    | Found Nuen's Jewellery Shop.
 25779 | Orc:2    | Found Feseishra's Distillery.
 26035 | Orc:2    | Bought the amulet "Ylunixi" {Reflect rN+ Dex+4 SH+5} for 790 gold pieces
 26042 | Orc:2    | Bought a potion of heal wounds for 65 gold pieces
 26042 | Orc:2    | Bought a potion of curing for 39 gold pieces
 26042 | Orc:2    | Bought a potion of heal wounds for 65 gold pieces
 26042 | Orc:2    | Bought a potion of curing for 39 gold pieces
 26042 | Orc:2    | Bought a potion of haste for 130 gold pieces
 26042 | Orc:2    | Bought a potion of curing for 39 gold pieces
 26042 | Orc:2    | Bought a potion of curing for 39 gold pieces
 26254 | Lair:1   | Learned a level 5 spell: Lee's Rapid Deconstruction
 26258 | Lair:1   | Learned a level 3 spell: Static Discharge
 26512 | Snake:1  | Reached skill level 5 in Shields
 26585 | Snake:1  | Offered knowledge of Bolt of Cold by Vehumet.
 28087 | Snake:2  | Reached skill level 14 in Dodging
 28224 | Snake:2  | Reached skill level 5 in Air Magic
 28445 | Snake:2  | Reached skill level 5 in Necromancy
 28479 | Snake:2  | Found Zirobb's Book Shop.
 28482 | Snake:2  | Found Noapn's Book Boutique.
 28484 | Snake:2  | Found Vuboidogu's Book Shop.
 28490 | Snake:2  | Noticed Aizul
 28513 | Snake:2  | Killed Aizul
 28861 | Snake:2  | Offered knowledge of Ozocubu's Refrigeration by Vehumet.
 28958 | Snake:2  | Bought a book of Minor Magic for 380 gold pieces
 29595 | Snake:3  | Reached XP level 16. HP: 31/74 MP: 26/32
 29693 | Snake:3  | Reached skill level 5 in Conjurations
 29698 | Snake:3  | Found Beotacej's Antique Armour Boutique.
 29866 | Snake:2  | Learned a level 2 spell: Blink
 30039 | Snake:3  | HP: 1/74 [naga sharpshooter/bolt (10)]
 30044 | Snake:3  | Shot with a bolt by a naga sharpshooter

Skill      XL: |  1  2  3  4  5  6  7  8  9 10 11 12 13 14 15 16 |
---------------+-------------------------------------------------+-----
Dodging        | 4 5 6 8 10 11 12 13 14 | 14.7
Short Blades   | 3 4 5 6 8 9 10 11 12 | 12.8
Stealth        | 1 2 3 6 9 10 | 10.5
Translocations | 1 2 4 5 |  5.1
Fighting       | 2 3 4 |  4.1
Hexes          | 1 2 3 4 6 7 8 9 10 11 | 11.5
Spellcasting   | 3 4 5 6 7 8 9 10 11 | 11.4
Charms         | 5 6 7 8 9 10 | 10.1
Evocations     | 4 |  4.0
Slings         | 1 |  1.2
Transmutations | 2 |  2.1
Earth Magic    | 2 4 |  4.6
Armour         | 2 3 4 |  4.0
Ice Magic      | 1 2 4 5 |  5.4
Poison Magic   | 3 5 6 |  6.4
Shields        | 1 2 4 6 |  6.2
Necromancy     | 1 3 4 5 |  5.1
Conjurations   | 2 3 4 5 |  5.1
Air Magic      | 2 4 5 |  5.8
Throwing       | |  0.1

Action                   |  1- 3 |  4- 6 |  7- 9 | 10-12 | 13-15 | 16-18 || total
-------------------------+-------+-------+-------+-------+-------+-------++-------
Melee: Short sword       |   194 |   384 |   310 |   599 |  1685 |   102 ||  3274
       Dagger            |       |       |   142 |    47 |       |       ||   189
       Kick              |       |       |    32 |   130 |   450 |    30 ||   642
 Fire: Hunting sling     |       |       |       |     5 |       |       ||     5
Throw: Tomahawk          |       |     5 |     6 |    21 |    16 |     1 ||    49
 Cast: Infusion          |    10 |    22 |    15 |    15 |    28 |     3 ||    93
       Song of Slaying   |     2 |     2 |     6 |     5 |    23 |     3 ||    41
       Shroud of Golubri |       |     7 |     5 |     7 |     1 |       ||    20
       Spectral Weapon   |       |     2 |    12 |    33 |    59 |     5 ||   111
       Ozocubu's Armour  |       |       |       |     6 |    40 |     3 ||    49
       Passwall          |       |       |       |     2 |       |       ||     2
       Regeneration      |       |       |       |     2 |    23 |     5 ||    30
       Olgreb's Toxic Ra |       |       |       |       |     3 |       ||     3
       Lightning Bolt    |       |       |       |       |     7 |       ||     7
       Static Discharge  |       |       |       |       |     1 |       ||     1
       Lee's Rapid Decon |       |       |       |       |     1 |       ||     1
Evoke: Wand              |       |       |       |     1 |     2 |       ||     3
  Use: Scroll            |       |     9 |     8 |    19 |    17 |     1 ||    54
       Potion            |       |     2 |     6 |     3 |    13 |     3 ||    27
 Stab: Sleeping          |     5 |     5 |    17 |    28 |    39 |     1 ||    95
       Distracted        |       |       |     4 |    10 |    24 |     3 ||    41
       Invisible         |       |       |       |       |     7 |       ||     7
  Eat: Ration            |       |     3 |     3 |     4 |     9 |     1 ||    20
Armor: Robe              |    14 |    24 |    21 |     6 |       |       ||    65
       Troll leather arm |       |       |       |    21 |   176 |    17 ||   214
Dodge: Dodged            |   129 |   240 |   270 |   318 |   996 |    64 ||  2017
Block: Other             |       |    61 |    54 |    65 |    37 |       ||   217
       Reflection        |       |     1 |       |       |    53 |    13 ||    67
       Buckler           |       |       |       |       |   545 |    67 ||   612
